AoeStats
← gob b

QS Arena

503139730Analyzed
4v4 RM · 1mo ago on Aug 30, 2026· 47m 43s· 8 players
Game mode
Random Map
Map size
Large (8 player)
Population
200
Speed
Normal
Resources
Standard
Victory
Conquest
Starting age
Dark Age
Ending age
Imperial Age
RankedLock teamsTeams togetherTeam positionsShared explorationLock speedFull tech treeHidden civsTurbo modeCheats
Victory
Defeat
🇷🇺 Dravidians · Russia
1296
+13
🇫🇷 Maya · France
1279
+14
🇨🇱 Huns · Chile
1203
+17
🇧🇷 Cumans · Brazil
1182
+18
🇮🇳 Lithuanians · India
1252
-17
🇨🇳 Persians · China
1242
-16
🇨🇳 Mongols · China
1213
-15
🇨🇳 Bohemians · China
1213
-15
惊鸿
7:17 Feudal Age
5:49 Loom
5:57 Loom
6:27 Loom
10:59 Castle Age
9:17 Double-Bit Axe
9:20 Horse Collar
12:10 Bow Saw
19:04 Wheelbarrow
19:30 Heavy Plow
19:26 Stone Mining
19:34 Gold Mining
22:10 Stone Shaft Mining
23:05 Hand Cart
23:51 Gold Shaft Mining
24:51 Fletching
25:07 Padded Archer Armor
27:52 Imperial Age
26:07 Bodkin Arrow
26:28 Leather Archer Armor
26:47 Bloodlines
26:37 Husbandry
27:07 Thumb Ring
27:52 Forging
27:48 Scale Barding Armor
28:56 Conscription
29:26 Ballistics
30:06 Chemistry
28:41 Elite Mangudai
30:27 Chemistry
30:18 Parthian Tactics
30:26 Light Cavalry
31:42 Iron Casting
31:27 Chain Barding Armor
31:11 Bracer
31:46 Iron Casting
31:32 Chain Barding Armor
32:58 Coinage
31:55 Hussar
34:09 Blast Furnace
37:31 Drill
43:06 Siege Engineers
43:18 Elite Skirmisher
45:44 Fortified Wall
45:45 Masonry
47:32 Nomads
等雨停
9:40 Feudal Age
11:05 Horse Collar
13:39 Castle Age
12:26 Double-Bit Axe
12:54 Horse Collar
16:02 Fervor
17:34 Loom
20:07 Bow Saw
21:16 Heavy Plow
22:32 Wheelbarrow
24:29 Hand Cart
26:53 Imperial Age
25:53 Chemistry
25:50 Loom
26:31 Fortified Wall
26:41 Scale Mail Armor
26:52 Forging
26:30 Pikeman
26:56 Arson
27:12 Squires
27:45 Chain Mail Armor
28:38 Two-Man Saw
27:52 Houfnice
29:14 Halberdier
30:15 Masonry
31:51 Plate Mail Armor
31:57 Iron Casting
32:43 Fletching
34:07 Conscription
35:42 Blast Furnace
34:37 Bodkin Arrow
37:18 Siege Engineers
37:54 Architecture
37:05 Treadmill Crane
43:23 Ballistics
43:01 Murder Holes
43:09 Bracer
43:45 Padded Archer Armor
47:27 Leather Archer Armor
47:24 Scale Barding Armor
就是天胡
7:46 Feudal Age
11:46 Castle Age
9:55 Horse Collar
10:08 Double-Bit Axe
10:05 Horse Collar
18:53 Bow Saw
19:38 Heavy Plow
21:09 Wheelbarrow
21:32 Loom
26:26 Imperial Age
23:42 Town Watch
24:22 Gold Mining
24:23 Stone Mining
24:49 Scale Barding Armor
25:34 Hand Cart
25:19 Town Patrol
25:45 Masonry
25:59 Ballistics
25:36 Murder Holes
27:01 Chain Barding Armor
27:16 Fletching
28:08 Husbandry
28:18 Bloodlines
27:29 Cavalier
28:47 Plate Barding Armor
28:23 Forging
30:42 Two-Man Saw
30:14 Crop Rotation
30:44 Conscription
30:36 Bodkin Arrow
33:47 Crossbowman
42:26 Kamandaran
46:05 Padded Archer Armor
47:35 Chemistry
47:31 Thumb Ring
48:25 Leather Archer Armor
gob b
9:03 Feudal Age
10:19 Horse Collar
12:47 Castle Age
11:20 Forging
11:40 Double-Bit Axe
14:30 Wheelbarrow
14:24 Bow Saw
26:31 Imperial Age
24:07 Heavy Plow
25:14 Hand Cart
25:30 Gold Mining
25:30 Stone Mining
26:39 Loom
27:33 Iron Casting
27:04 Scale Barding Armor
27:45 Crop Rotation
28:18 Two-Man Saw
27:17 Cavalier
28:50 Husbandry
28:44 Paladin
30:22 Conscription
30:40 Chain Barding Armor
33:29 Bloodlines
34:12 Light Cavalry
39:35 Chemistry
38:56 Ballistics
38:27 Winged Hussar
40:50 Padded Archer Armor
41:26 Plate Barding Armor
40:37 Elite Skirmisher
41:23 Thumb Ring
41:45 Fletching
42:11 Leather Archer Armor
41:56 Murder Holes
tomtom
7:44 Feudal Age
11:26 Castle Age
9:39 Double-Bit Axe
10:03 Horse Collar
12:32 Bow Saw
15:33 Loom
16:05 Heavy Plow
17:45 Wheelbarrow
19:48 Hand Cart
20:09 Stone Mining
20:08 Town Watch
21:41 Stone Shaft Mining
20:58 Gold Mining
27:11 Imperial Age
24:50 Fletching
25:00 Padded Archer Armor
26:00 Ballistics
25:03 Crossbowman
25:41 Bodkin Arrow
26:12 Thumb Ring
27:02 Leather Archer Armor
27:03 Hul'che Javelineers
27:53 Bracer
27:23 Arbalester
29:18 Chemistry
29:52 Two-Man Saw
29:45 Ring Archer Armor
29:19 Treadmill Crane
29:50 Masonry
30:25 Crop Rotation
29:36 Capped Ram
30:47 Town Patrol
31:45 Forging
32:05 Conscription
32:30 Architecture
32:04 Elite Skirmisher
32:38 Siege Ram
40:02 Elite Plumed Archer
41:20 Hoardings
41:40 Pikeman
42:20 Squires
42:06 Arson
42:48 Halberdier
43:52 Scale Mail Armor
45:11 Chain Mail Armor
45:31 Iron Casting
47:35 Caravan
TheroZeuS Biri Biri
1:29 Loom
8:41 Feudal Age
13:48 Castle Age
12:13 Double-Bit Axe
16:03 Wheelbarrow
15:14 Town Watch
16:07 Bow Saw
15:40 Horse Collar
20:10 Heavy Plow
22:29 Bloodlines
23:03 Scale Mail Armor
23:16 Forging
23:07 Padded Archer Armor
22:46 Pikeman
23:27 Squires
23:12 Arson
23:52 Gold Mining
23:52 Stone Mining
30:03 Imperial Age
28:22 Murder Holes
28:40 Scale Barding Armor
29:11 Iron Casting
28:38 Scale Mail Armor
30:50 Chain Barding Armor
30:59 Cavalier
32:01 Chain Mail Armor
36:33 Two-Man Saw
35:20 Halberdier
35:47 Light Cavalry
38:04 Blast Furnace
37:40 Plate Barding Armor
38:42 Conscription
38:39 Masonry
38:35 Husbandry
40:13 Man-at-Arms
42:03 Long Swordsman
43:12 Two-Handed Swordsman
CABRA_MACHO
7:36 Feudal Age
8:08 Double-Bit Axe
8:24 Horse Collar
18:24 Castle Age
17:44 Loom
18:28 Bloodlines
18:30 Capped Ram
19:33 Bow Saw
20:21 Scale Barding Armor
20:27 Forging
21:25 Wheelbarrow
22:30 Iron Casting
22:30 Heavy Plow
23:41 Chain Barding Armor
24:47 Light Cavalry
28:16 Hand Cart
27:47 Town Watch
28:03 Gold Mining
28:03 Stone Mining
38:43 Imperial Age
38:50 Cavalier
40:09 Plate Barding Armor
40:35 Blast Furnace
39:13 Siege Ram
40:47 Paladin
spirrulina
8:21 Feudal Age
12:21 Castle Age
11:20 Double-Bit Axe
12:25 Horse Collar
13:56 Bow Saw
17:26 Loom
19:36 Gold Mining
21:17 Wheelbarrow
22:03 Heavy Plow
23:03 Hand Cart
23:30 Fletching
23:40 Padded Archer Armor
27:25 Imperial Age
24:41 Loom
24:48 Fletching
25:13 Leather Archer Armor
26:14 Ballistics
27:51 Bodkin Arrow
28:46 Ring Archer Armor
29:18 Chemistry
28:41 Thumb Ring
28:05 Elite Elephant Archer
30:09 Two-Man Saw
29:01 Stone Mining
28:53 Pikeman
29:34 Squires
29:36 Bracer
29:46 Forging
29:36 Scale Mail Armor
29:34 Town Watch
30:15 Halberdier
31:32 Iron Casting
31:12 Chain Mail Armor
32:53 Plate Mail Armor
33:23 Blast Furnace
34:36 Bombard Tower
37:40 Medical Corps
38:01 Wootz Steel
38:01 Conscription
38:14 Arson
38:27 Murder Holes
38:43 Masonry
Connection lost

Rejoining the realm…

Still unreachable

The connection could not be restored.

Session expired

The server has moved on; the page needs a fresh start.